| TOP OF THE 1ST |
|
Boise Hawks batting - Pitching for Batavia Muckdogs : RHP Jesus Gomez
|
|
Pitching: RHP Jesus Gomez
|
|
|
Batting: SHB Clayton Saunders
|
0-0: Ground out 5-3 (Groundball, 5S, EV 74.4 MPH)
|
|
Batting: RHB Carlos de Jesus
|
0-0: Ball 1-0: Ball 2-0: Swinging Strike 2-1: Foul Ball, location: 2F 2-2: Ball 3-2: Strikes out looking
|
|
Batting: RHB Dan Hoffman
|
0-0: Called Strike 0-1: Foul Ball, location: 2F 0-2: Foul Ball, location: 2F 0-2: Ball 1-2: Fly out, F8 (Flyball, 8RS, EV 96.2 MPH)
|
| Top of the 1st over - 0 runs, 0 hits, 0 errors, 0 left on base; Boise 0 - Batavia 0 |
| BOTTOM OF THE 1ST |
|
Batavia Muckdogs batting - Pitching for Boise Hawks : RHP Matt Morales
|
|
Pitching: RHP Matt Morales
|
|
|
Batting: SHB Justin Corbett
|
0-0: Ball 1-0: SOLO HOME RUN (Flyball, 9D, EV 98.1 MPH), Distance : 377 ft
|
|
Batting: LHB Danny Treto
|
0-0: Foul Ball, location: 2F 0-1: Foul Ball, location: 2F 0-2: Ball 1-2: Foul Ball, location: 2F 1-2: Foul Ball, location: 2F 1-2: Ball 2-2: Ground out 4-3 (Groundball, 4, EV 80.6 MPH)
|
|
Batting: RHB Reomel Somera
|
0-0: Ball 1-0: Ball 2-0: Ball 3-0: Swinging Strike 3-1: Fly out, F9 (Line Drive, 9, EV 110.6 MPH)
|
|
Batting: RHB Justin Dunham
|
0-0: Ball 1-0: Ground out U3 (Groundball, 3, EV 83.8 MPH)
|
| Bottom of the 1st over - 1 run, 1 hit, 0 errors, 0 left on base; Boise 0 - Batavia 1 |
| TOP OF THE 2ND |
|
Boise Hawks batting - Pitching for Batavia Muckdogs : RHP Jesus Gomez
|
|
Batting: SHB Brad Madden
|
0-0: Ball 1-0: Ground out 4-3 (Groundball, 4, EV 85.0 MPH)
|
|
Batting: RHB Bob Hayes
|
0-0: Ball 1-0: Ball 2-0: Ground out 4-3 (Groundball, 4, EV 93.1 MPH)
|
|
Batting: LHB Jerry Santana
|
0-0: Ball 1-0: TRIPLE (Line Drive, 8LXD, EV 111.9 MPH)
|
|
Batting: RHB Gashie Chimsima
|
0-0: Ball 1-0: Ball 2-0: Ball 3-0: Called Strike 3-1: Called Strike 3-2: Foul Ball, location: 2F 3-2: Strikes out swinging
|
| Top of the 2nd over - 0 runs, 1 hit, 0 errors, 1 left on base; Boise 0 - Batavia 1 |
| BOTTOM OF THE 2ND |
|
Batavia Muckdogs batting - Pitching for Boise Hawks : RHP Matt Morales
|
|
Batting: RHB George Boivin
|
0-0: Ball 1-0: Ball 2-0: Ground out 4-3 (Groundball, 34, EV 83.8 MPH)
|
|
Batting: RHB Andy Kelly
|
0-0: Ball 1-0: SINGLE (Groundball, 25, EV 68.1 MPH) (infield hit)
|
|
Batting: RHB Jim Fisher
|
0-0: Ball 1-0: Grounds into double play, 4-6-3 (Groundball, 4, EV 101.9 MPH)
|
| Bottom of the 2nd over - 0 runs, 1 hit, 0 errors, 0 left on base; Boise 0 - Batavia 1 |
| TOP OF THE 3RD |
|
Boise Hawks batting - Pitching for Batavia Muckdogs : RHP Jesus Gomez
|
|
Batting: RHB Aaron Burnet
|
0-0: Swinging Strike 0-1: Ball 1-1: Ground out 5-3 (Groundball, 56S, EV 68.8 MPH)
|
|
Batting: RHB Wei-fang Ping
|
0-0: Ball 1-0: Swinging Strike 1-1: Ball 2-1: SINGLE (Groundball, 6MD, EV 98.1 MPH)
|
|
Batting: SHB Clayton Saunders
|
0-0: Ball 1-0: Ball 2-0: Called Strike 2-1: Called Strike 2-2: Foul Ball, location: 2F 2-2: Ball 3-2: Strikes out swinging
|
|
Batting: RHB Carlos de Jesus
|
0-0: Ball 1-0: Foul Ball, location: 2F 1-1: Ball 2-1: Ball 3-1: Base on Balls Wei-fang Ping to second
|
|
Batting: RHB Dan Hoffman
|
0-0: Ball 1-0: Swinging Strike 1-1: Foul Ball, location: 2F 1-2: Ball 2-2: Strikes out swinging
|
| Top of the 3rd over - 0 runs, 1 hit, 0 errors, 2 left on base; Boise 0 - Batavia 1 |
| BOTTOM OF THE 3RD |
|
Batavia Muckdogs batting - Pitching for Boise Hawks : RHP Matt Morales
|
|
Batting: RHB Hiromitsu Yamada
|
0-0: Foul Ball, location: 2F 0-1: Ball 1-1: Ground out 6-3 (Groundball, 6, EV 100.6 MPH)
|
|
Batting: RHB Jeremy Dennis
|
0-0: Ball 1-0: Fly out, F8 (Flyball, 8LD, EV 83.1 MPH)
|
|
Batting: SHB Justin Corbett
|
0-0: Ball 1-0: Called Strike 1-1: Ball 2-1: Ball 3-1: Foul Ball, location: 2F 3-2: Base on Balls
|
|
Batting: LHB Danny Treto
|
0-0: Called Strike 0-1: Called Strike 0-2: Hit by Pitch Justin Corbett to second
|
|
Batting: RHB Reomel Somera
|
0-0: Ball 1-0: Called Strike 1-1: Ball 2-1: Ball 3-1: Foul Ball, location: 2F 3-2: Fly out, F7 (Flyball, 78M, EV 91.2 MPH)
|
| Bottom of the 3rd over - 0 runs, 0 hits, 0 errors, 2 left on base; Boise 0 - Batavia 1 |
| TOP OF THE 4TH |
|
Boise Hawks batting - Pitching for Batavia Muckdogs : RHP Jesus Gomez
|
|
Batting: SHB Brad Madden
|
0-0: Ball 1-0: Ball 2-0: Swinging Strike 2-1: Foul Ball, location: 2F 2-2: Foul Ball, location: 2F 2-2: Foul Ball, location: 2F 2-2: Foul Ball, location: 2F 2-2: SINGLE (Line Drive, 4D, EV 98.8 MPH)
|
|
Batting: RHB Bob Hayes
|
0-0: Called Strike Brad Madden steals 2nd base 0-1: Ball 1-1: Ball 2-1: DOUBLE (Line Drive, 8RD, EV 104.4 MPH) Brad Madden scores
|
|
Batting: LHB Jerry Santana
|
0-0: Called Strike 0-1: Swinging Strike 0-2: Ball 1-2: Ball 2-2: Strikes out swinging
|
|
Batting: RHB Gashie Chimsima
|
0-0: Called Strike 0-1: Called Strike 0-2: Foul Ball, location: 2F 0-2: Strikes out looking
|
|
Batting: RHB Aaron Burnet
|
0-0: Ball 1-0: Fly out, F7 (Flyball, 7D, EV 98.1 MPH)
|
| Top of the 4th over - 1 run, 2 hits, 0 errors, 1 left on base; Boise 1 - Batavia 1 |
| BOTTOM OF THE 4TH |
|
Batavia Muckdogs batting - Pitching for Boise Hawks : RHP Matt Morales
|
|
Batting: RHB Justin Dunham
|
0-0: Called Strike 0-1: Ball 1-1: Swinging Strike 1-2: Ball 2-2: Ball 3-2: Ground out 6-3 (Groundball, 6, EV 81.2 MPH)
|
|
Batting: RHB George Boivin
|
0-0: Ball 1-0: Called Strike 1-1: Ball 2-1: Called Strike 2-2: Foul Ball, location: 2F 2-2: Ball 3-2: Base on Balls
|
|
Batting: RHB Andy Kelly
|
0-0: Called Strike 0-1: Foul Ball, location: 2F 0-2: Ball 1-2: Foul Ball, location: 2F 1-2: 2-RUN HOME RUN (Flyball, 7D, EV 97.5 MPH), Distance : 354 ft
|
|
Batting: RHB Jim Fisher
|
0-0: Called Strike 0-1: Called Strike 0-2: Ball 1-2: Strikes out swinging
|
|
Batting: RHB Hiromitsu Yamada
|
0-0: Called Strike 0-1: Ball 1-1: Ground out 1-3 (Groundball, 15S, EV 74.4 MPH)
|
| Bottom of the 4th over - 2 runs, 1 hit, 0 errors, 0 left on base; Boise 1 - Batavia 3 |
| TOP OF THE 5TH |
|
Boise Hawks batting - Pitching for Batavia Muckdogs : RHP Jesus Gomez
|
|
Batting: RHB Wei-fang Ping
|
0-0: Foul Ball, location: 2F 0-1: Called Strike 0-2: Ball 1-2: Foul Ball, location: 2F 1-2: Foul Ball, location: 2F 1-2: SINGLE (Groundball, 56D, EV 100.0 MPH)
|
|
Batting: SHB Clayton Saunders
|
0-0: Swinging Strike 0-1: Ball 1-1: Foul Ball, location: 2F 1-2: Foul Ball, location: 2F 1-2: Strikes out swinging
|
|
Batting: RHB Carlos de Jesus
|
0-0: Called Strike 0-1: Swinging Strike 0-2: Strikes out swinging
|
|
Batting: RHB Dan Hoffman
|
0-0: Fly out, F9 (Flyball, 89D, EV 102.5 MPH)
|
| Top of the 5th over - 0 runs, 1 hit, 0 errors, 1 left on base; Boise 1 - Batavia 3 |
| BOTTOM OF THE 5TH |
|
Batavia Muckdogs batting - Pitching for Boise Hawks : RHP Matt Morales
|
|
Batting: RHB Jeremy Dennis
|
0-0: Ball 1-0: Foul Ball, location: 2F 1-1: SINGLE (Groundball, 56, EV 86.2 MPH) (infield hit)
|
|
Batting: SHB Justin Corbett
|
0-0: Called Strike 0-1: SINGLE (Groundball, 5S, EV 75.6 MPH) (infield hit) Jeremy Dennis to second
|
|
Batting: LHB Danny Treto
|
0-0: Called Strike 0-1: Ball 1-1: Foul Ball, location: 2F 1-2: Ball 2-2: Foul Ball, location: 2F 2-2: Foul Ball, location: 2F 2-2: Ball 3-2: Strikes out looking
|
|
Pitching: LHP Josh Alvarez
|
|
|
Batting: RHB Reomel Somera
|
0-0: Swinging Strike 0-1: Ball 1-1: Ball 2-1: Foul Ball, location: 2F 2-2: SINGLE (Groundball, 6MD, EV 105.6 MPH) Jeremy Dennis to third Justin Corbett to second Runner from 3rd tries for Home, SAFE, throw by CF to home
|
|
Batting: RHB Justin Dunham
|
0-0: Ball 1-0: Called Strike 1-1: Ball 2-1: Swinging Strike 2-2: Foul Ball, location: 2F 2-2: Ball Wild Pitch! Justin Corbett to third Reomel Somera to second 3-2: Base on Balls
|
|
Batting: RHB George Boivin
|
0-0: Ball 1-0: Ball 2-0: Ball 3-0: Called Strike 3-1: Base on Balls Justin Corbett scores Reomel Somera to third Justin Dunham to second
|
|
Batting: RHB Andy Kelly
|
0-0: SINGLE (Line Drive, 6M, EV 97.5 MPH) Reomel Somera scores Justin Dunham to third George Boivin to second
|
|
Batting: RHB Jim Fisher
|
0-0: Foul Ball, location: 2F 0-1: Hit by Pitch Justin Dunham scores George Boivin to third Andy Kelly to second
|
|
Batting: RHB Hiromitsu Yamada
|
0-0: Ball 1-0: Called Strike 1-1: Fielders Choice at 2nd, 4-6 (Groundball, 13, EV 86.9 MPH) George Boivin scores Andy Kelly to third
|
|
Batting: RHB Jeremy Dennis
|
0-0: Called Strike 0-1: SINGLE (Groundball, 6MD, EV 85.6 MPH) (infield hit) Andy Kelly scores Hiromitsu Yamada to second
|
|
Pitching: RHP Ricardo Roman
|
|
|
Batting: SHB Justin Corbett
|
0-0: Ground out 4-3 (Groundball, 34D, EV 85.0 MPH)
|
| Bottom of the 5th over - 6 runs, 5 hits, 0 errors, 2 left on base; Boise 1 - Batavia 9 |
| TOP OF THE 6TH |
|
Boise Hawks batting - Pitching for Batavia Muckdogs : RHP Jesus Gomez
|
|
Batting: SHB Brad Madden
|
0-0: Called Strike 0-1: Swinging Strike 0-2: Ball 1-2: Ball 2-2: Ground out 4-3 (Groundball, 34, EV 86.2 MPH)
|
|
Batting: RHB Bob Hayes
|
0-0: Called Strike 0-1: Ground out 5-3 (Groundball, 56, EV 80.6 MPH)
|
|
Batting: LHB Jerry Santana
|
0-0: Ball 1-0: Ball 2-0: Called Strike 2-1: Swinging Strike 2-2: Strikes out swinging
|
| Top of the 6th over - 0 runs, 0 hits, 0 errors, 0 left on base; Boise 1 - Batavia 9 |
| BOTTOM OF THE 6TH |
|
Batavia Muckdogs batting - Pitching for Boise Hawks : RHP Ricardo Roman
|
|
Batting: LHB Danny Treto
|
0-0: Ball 1-0: Foul Ball, location: 2F 1-1: Swinging Strike 1-2: Strikes out swinging
|
|
Batting: RHB Reomel Somera
|
0-0: SINGLE (Groundball, 5S, EV 76.2 MPH) (infield hit)
|
|
Batting: RHB Justin Dunham
|
0-0: Ball 1-0: Ball 2-0: Called Strike 2-1: Ball 3-1: Base on Balls Reomel Somera to second
|
|
Batting: RHB George Boivin
|
0-0: Called Strike 0-1: Ball 1-1: Called Strike 1-2: Fielders Choice at 2nd, 6-4 (Groundball, 6, EV 86.9 MPH) Reomel Somera to third
|
|
Batting: RHB Andy Kelly
|
0-0: Ball Wild Pitch! Reomel Somera scores George Boivin to second 1-0: Foul Ball, location: 2F 1-1: Called Strike 1-2: Foul Ball, location: 2F 1-2: Foul Ball, location: 2F 1-2: Strikes out swinging
|
| Bottom of the 6th over - 1 run, 1 hit, 0 errors, 1 left on base; Boise 1 - Batavia 10 |
| TOP OF THE 7TH |
|
Boise Hawks batting - Pitching for Batavia Muckdogs : RHP Jesus Gomez
|
|
Pitching: RHP Matt Slater
|
|
|
Batting: RHB Gashie Chimsima
|
0-0: Fly out, F9 (Flyball, 9LS, EV 82.5 MPH)
|
|
Pinch Hitting: RHB Brent Montagano
|
0-0: Ball 1-0: Called Strike 1-1: Ball 2-1: Fly out, F4 (Popup, 34D, EV 43.8 MPH)
|
|
Batting: RHB Wei-fang Ping
|
0-0: Ball 1-0: Foul Ball, location: 2F 1-1: Ball 2-1: Foul Ball, location: 2F 2-2: Foul Ball, location: 2F 2-2: Foul Ball, location: 2F 2-2: Ball 3-2: Strikes out swinging
|
| Top of the 7th over - 0 runs, 0 hits, 0 errors, 0 left on base; Boise 1 - Batavia 10 |
| BOTTOM OF THE 7TH |
|
Batavia Muckdogs batting - Pitching for Boise Hawks : RHP Ricardo Roman
|
|
Now in CF: John Clark
|
|
|
Batting: RHB Jim Fisher
|
0-0: Ball 1-0: Ball 2-0: Ball 3-0: Foul Ball, location: 2F 3-1: Base on Balls
|
|
Pitching: RHP Jim Crooks
|
|
|
Pinch Hitting: RHB Justin Layton
|
0-0: Ball 1-0: Foul Ball, location: 2F 1-1: Swinging Strike 1-2: Foul Ball, location: 2F 1-2: Ball 2-2: Ball 3-2: Fielders Choice at 2nd, 6-4 (Groundball, 6S, EV 81.2 MPH)
|
|
Pinch Hitting: RHB Jason Thrash
|
0-0: Ball 1-0: Called Strike 1-1: SINGLE (Line Drive, 3D, EV 94.4 MPH) Justin Layton to second Runner from 2nd tries for 3rd, SAFE, throw by RF made to third
|
|
Batting: SHB Justin Corbett
|
0-0: Ball 1-0: SINGLE (Groundball, 23, EV 66.2 MPH) (infield hit) Jason Thrash to second
|
|
Pinch Hitting: RHB Junro Kato
|
0-0: Ball 1-0: Ball Wild Pitch! Justin Layton scores Jason Thrash to third Justin Corbett to second 2-0: Swinging Strike 2-1: Foul Ball, location: 2F 2-2: SINGLE (Groundball, 56D, EV 98.1 MPH) Jason Thrash scores Justin Corbett to third Runner from 3rd tries for Home, SAFE, throw by LF to home
|
|
Batting: RHB Reomel Somera
|
0-0: Called Strike 0-1: DOUBLE (Line Drive, 9LM, EV 103.1 MPH) Junro Kato to third
|
|
Batting: RHB Justin Dunham
|
0-0: Ball 1-0: Ball 2-0: Ball 3-0: Called Strike 3-1: Ground out 6-3 (Groundball, 6, EV 95.6 MPH) Junro Kato scores
|
|
Batting: RHB George Boivin
|
0-0: Called Strike 0-1: Foul Ball, location: 2F 0-2: Strikes out looking
|
| Bottom of the 7th over - 4 runs, 4 hits, 0 errors, 1 left on base; Boise 1 - Batavia 14 |
| TOP OF THE 8TH |
|
Boise Hawks batting - Pitching for Batavia Muckdogs : RHP Matt Slater
|
|
Now at 1B: Jason Thrash
|
|
|
Now at 2B: Justin Dunham
|
|
|
Now in CF: Calvin Morin
|
|
|
Now in RF: Justin Layton
|
|
|
Batting: SHB Clayton Saunders
|
0-0: Swinging Strike 0-1: Ball 1-1: Swinging Strike 1-2: Foul Ball, location: 2F 1-2: Strikes out swinging
|
|
Batting: RHB Carlos de Jesus
|
0-0: Called Strike 0-1: Called Strike 0-2: Strikes out swinging
|
|
Batting: RHB Dan Hoffman
|
0-0: Swinging Strike 0-1: Ball 1-1: SINGLE (Line Drive, 7S, EV 103.8 MPH)
|
|
Batting: SHB Brad Madden
|
0-0: SINGLE (Groundball, 4MD, EV 103.1 MPH) Dan Hoffman to second
|
|
Batting: RHB Bob Hayes
|
0-0: Called Strike 0-1: Foul Ball, location: 2F 0-2: Ball 1-2: Strikes out swinging
|
| Top of the 8th over - 0 runs, 2 hits, 0 errors, 2 left on base; Boise 1 - Batavia 14 |
| BOTTOM OF THE 8TH |
|
Batavia Muckdogs batting - Pitching for Boise Hawks : RHP Jim Crooks
|
|
Batting: RHB Andy Kelly
|
0-0: Swinging Strike 0-1: Ball 1-1: Ball 2-1: Ball 3-1: Foul Ball, location: 2F 3-2: Base on Balls
|
|
Batting: RHB Jim Fisher
|
0-0: Foul Ball, location: 2F 0-1: Fly out, F8 (Flyball, 8RM, EV 93.1 MPH)
|
|
Batting: RHB Justin Layton
|
0-0: Called Strike 0-1: Ball 1-1: Swinging Strike 1-2: Ball 2-2: Ball 3-2: Foul Ball, location: 2F 3-2: Strikes out swinging
|
|
Pitching: LHP Jason Ryan
|
|
|
Batting: RHB Jason Thrash
|
0-0: Called Strike 0-1: Foul Ball, location: 2F 0-2: Strikes out swinging
|
| Bottom of the 8th over - 0 runs, 0 hits, 0 errors, 1 left on base; Boise 1 - Batavia 14 |
| TOP OF THE 9TH |
|
Boise Hawks batting - Pitching for Batavia Muckdogs : RHP Matt Slater
|
|
Batting: LHB Jerry Santana
|
0-0: Swinging Strike 0-1: Foul Ball, location: 2F 0-2: Foul Ball, location: 2F 0-2: Ball 1-2: Strikes out swinging
|
|
Batting: RHB Gashie Chimsima
|
0-0: Ball 1-0: Ball 2-0: Called Strike 2-1: Ground out 1-3 (Groundball, 13S, EV 69.4 MPH)
|
|
Batting: RHB John Clark
|
0-0: Called Strike 0-1: Ball 1-1: Ground out 4-3 (Groundball, 34D, EV 106.9 MPH)
|
| Top of the 9th over - 0 runs, 0 hits, 0 errors, 0 left on base; Boise 1 - Batavia 14 |
|